 Dungeon Crawl Stone Soup version 0.20-a0-449-g96be121 (console) character file.

474 Eviona the Insei (level 6, -1/67 HPs)
             Began as a Draconian Ice Elementalist on Jan 7, 2017.
             Killed from afar by an orc wizard (7 damage)
             ... with a puff of flame
             ... on level 5 of the Dungeon.
             The game lasted 00:17:55 (6300 turns).

Eviona the Insei (Draconian Ice Elementalist)       Turns: 6300, Time: 00:17:56

Health: -1/67      AC:  6    Str: 15    XL:     6   Next: 84%
Magic:  0/9        EV: 12    Int: 22    God:
Gold:   289        SH:  0    Dex: 11    Spells: 3/9 levels left

rFire  . . .     SeeInvis .       - Unarmed
rCold  . . .     Gourm    .     (armour unavailable)
rNeg   . . .     Faith    .     (no shield)
rPois  .         Spirit   .     (helmet restricted)
rElec  .         Reflect  .     (no cloak)
rCorr  .         Harm     .     (no gloves)
MR     .....                    (no boots)
Stlth  ..........               f - amulet of rage
                                y - ring of flight
                                r - +4 ring of intelligence

@: berserking, very quick
A: unfitting armour, cold-blooded, AC +6
a: Evoke Berserk Rage, Evoke Flight


You were on level 5 of the Dungeon.
You were near starving.

You visited 1 branch of the dungeon, and saw 5 of its levels.

You collected 289 gold pieces.

Inventory:

Missiles
 e - 139 stones
 w - 4 tomahawks (quivered)
Jewellery
 f - an amulet of rage (around neck)
 r - a +4 ring of intelligence (left hand)
 t - an uncursed amulet of inaccuracy
 y - a ring of flight (right hand)
Wands
 i - a wand of enslavement (5/24)
Scrolls
 o - 2 scrolls of identify
Potions
 d - a potion of degeneration
 g - a potion of haste {unknown}
 k - a potion of mutation {unknown}
 m - a potion of berserk rage
 q - 2 potions of brilliance {unknown}
 u - a potion of lignification {unknown}
 v - 2 potions of cure mutation {unknown}
 x - a potion of agility {unknown}
 z - a potion of flight {unknown}
 B - 2 potions of curing {unknown}
 C - 3 potions of heal wounds {unknown}
 D - a potion of ambrosia {unknown}
Books
 a - a book of Frost

   Spells                             Type                      Level
   a - Freeze                         Ice                          1
   b - Throw Frost                    Conjuration/Ice              2
   c - Ozocubu's Armour               Charms/Ice                   3
   d - Throw Icicle                   Conjuration/Ice              4
   e - Summon Ice Beast               Ice/Summoning                4
 h - a book of Minor Magic

   Spells                             Type                      Level
   a - Magic Dart                     Conjuration                  1
   b - Blink                          Translocation                2
   c - Call Imp                       Summoning                    2
   d - Repel Missiles                 Charms/Air                   2
   e - Slow                           Hexes                        2
   f - Conjure Flame                  Conjuration/Fire             3
   g - Mephitic Cloud                 Conjuration/Poison/Air       3
Comestibles
 b - 4 bread rations
 j - 4 meat rations
 l - a beef jerky
 n - a royal jelly
 s - 7 fruits


   Skills:
 - Level 2.4 Dodging
 - Level 1.7 Stealth
 + Level 6.8 Unarmed Combat
 - Level 2.0 Spellcasting
   Level 1.0 Conjurations
 - Level 3.0 Ice Magic


You had 3 spell levels left.
You knew the following spells:

 Your Spells              Type           Power        Failure   Level  Hunger
a - Freeze                Ice            ###.         4%          1    #......
b - Ozocubu's Armour      Chrm/Ice       #.......     21%         3    ###....
c - Blink                 Tloc           N/A          21%         2    ##.....


Dungeon Overview and Level Annotations

Branches:
Dungeon (5/15)
 Temple: D:4-7

Altars:
Qazlal
Uskayaw
Xom
Yredelemnul
Zin
The Shining One


Innate Abilities, Weirdness & Mutations

Your plain brown scales are hard. (AC +6)
You cannot fit into any form of body armour.
You are cold-blooded and may be slowed by cold attacks.


Message History

You hit something but do no damage. Something barely misses you.
The orc hits you with a dagger.
* * * LOW HITPOINT WARNING * * *
Casting: Freeze
Confirm with . or Enter, or press ? or * to list all spells.
Aiming: Freeze
Press: ? - help, Shift-Dir - straight line You freeze something.
Something hits you.
* * * LOW HITPOINT WARNING * * *
The orc barely misses you.
It was a potion of berserk rage.
A red film seems to cover your vision as you go berserk!
You feel yourself moving faster!
You feel mighty! Something hits you.
* * * LOW HITPOINT WARNING * * *
The orc closely misses you.
You miss something. You closely miss something.
You hear some strange, mumbled words.
A puff of flame appears from out of thin air!
The puff of flame hits you!
You die...

........#.........#.......#
........#.........#.......#
........#...##...##.......#
........#'####...#.......##
........#........+.......#
........#........#.......#
........#........#.......+
........######...#.......#
..o.....# #...#.......#####
^....>..# #...o)...........
^.......# #..@#)...........
........# #...#............
........# #...#............
........##########............
^...................##'######
....................#.........
....................#.........
....................#.........
....................#.........
....................#.........
....................#.........


You could see an orc.

Vanquished Creatures
  A water moccasin skeleton (D:5)
  An orc priest (D:4)
  A jelly (D:5)
  Terence (D:2)
  2 orc wizards (D:5)
  3 worker ants
  8 adders
  2 oozes
  2 adder skeletons (D:4)
  3 worms
  4 dart slugs
  16 orcs
  A ball python (D:3)
  6 giant cockroaches
  15 goblins
  6 hobgoblins
  13 jackals
  2 quokkas
  12 bats
  9 frilled lizards
  2 kobolds
  A quokka skeleton (D:4)
  7 rats
118 creatures vanquished.

Notes
Turn   | Place    | Note
-------+----------+-------------------------------------------
     0 | D:1      | Eviona the Draconian Ice Elementalist began the quest for the Orb.
     0 | D:1      | Reached XP level 1. HP: 14/14 MP: 3/3
   188 | D:1      | Reached skill level 1 in Unarmed Combat
   357 | D:1      | Reached XP level 2. HP: 6/20 MP: 0/5
   676 | D:1      | Reached skill level 2 in Unarmed Combat
  1310 | D:1      | Reached XP level 3. HP: 26/26 MP: 6/6
  1683 | D:1      | Learned a level 3 spell: Ozocubu's Armour
  1694 | D:2      | Noticed Terence
  1868 | D:1      | Reached skill level 3 in Unarmed Combat
  2069 | D:2      | Killed Terence
  2069 | D:2      | Reached XP level 4. HP: 15/33 MP: 1/7
  2437 | D:2      | Reached skill level 4 in Unarmed Combat
  2443 | D:2      | Found a glowing silver altar of Zin.
  2443 | D:2      | Found a hide-covered altar of Uskayaw.
  2443 | D:2      | Found a basalt altar of Yredelemnul.
  3385 | D:3      | Reached XP level 5. HP: 38/38 MP: 5/8
  4356 | D:4      | Found a stormy altar of Qazlal.
  4356 | D:4      | Found a glowing golden altar of the Shining One.
  4361 | D:4      | Found a faded altar of an unknown god.
  4363 | D:4      | Found a faded altar of an unknown god.
  4365 | D:4      | Found a shimmering altar of Xom.
  4539 | D:4      | Reached skill level 5 in Unarmed Combat
  4622 | D:4      | Learned a level 2 spell: Blink
  5125 | D:4      | Reached XP level 6. HP: 25/45 MP: 5/9
  5538 | D:5      | Entered Level 5 of the Dungeon
  5553 | D:5      | Reached skill level 6 in Unarmed Combat
  6300 | D:5      | Killed from afar by an orc wizard

Vault maps used:
D:1:      dpeg_arrival_water_fire
D:2:      gammafunk_temple_overflow_forgotten, uniq_terence
D:4:      chequers_temple_overflow_minitemple, first_bread
D:5:      kennysheep_little_box, serial_shops, shop, minmay_holes, uniq_sigmund

Skill      XL: |  1  2  3  4  5  6 |
---------------+-------------------+-----
Unarmed Combat | 1 2 3 4 5 6 |  6.8
Dodging        | 2 |  2.4
Stealth        | |  1.7
Spellcasting   | |  2.0
Conjurations   | |  1.0
Ice Magic      | |  3.0

Action                   |  1- 3 |  4- 6 || total
-------------------------+-------+-------++-------
Melee: Unarmed           |    80 |   242 ||   322
       Punch             |     1 |     5 ||     6
       Tailslap          |     9 |    32 ||    41
Throw: Stone             |     6 |    15 ||    21
       Tomahawk          |       |    31 ||    31
 Cast: Freeze            |    38 |    60 ||    98
       Ozocubu's Armour  |       |     7 ||     7
       Blink             |       |     1 ||     1
  Use: Scroll            |       |     9 ||     9
       Potion            |       |     1 ||     1
 Stab: Sleeping          |     1 |       ||     1
  Eat: Chunk             |     4 |    14 ||    18
Armor: Skin              |    33 |    69 ||   102
Dodge: Dodged            |    75 |   161 ||   236
